Map: [ESL] Pride of Altaris

Players

SKillous - Winner!

  • Race: Protoss Protoss

Elazer

  • Race: Zerg Zerg

Event: IEM Katowice 2022

VOD

Have the link to the VOD?

Description

Time

  • Played on: Feb. 23, 2022, 6:51 a.m.
  • Length: 9:17

All games in this series

Show
View Real Time Build Order
Export as new Build Order

SKillous Protoss - Winner!

Build Orders: 1 Gate Expand, Dark Templar Rush 

Get SALT Encoding   

  12  0:00  Probe  
  13  0:12  Probe  
  14  0:19  Pylon  
  14  0:24  Probe  
  15  0:37  Probe (Chrono Boost)  
  15  0:39  Gateway  
  16  0:46  Probe (Chrono Boost)  
  16  0:48  Assimilator  
  17  0:51  Probe (Chrono Boost)  
  18  1:03  Probe  
  19  1:15  Probe  
  20  1:25  Nexus  
  20  1:35  Cybernetics Core  
  20  1:38  Probe  
  21  1:44  Assimilator  
  21  1:50  Probe  
  21  1:52  Pylon  
  22  2:02  Probe  
  23  2:08  Adept (Chrono Boost)  
  23  2:12  Warp Gate  
  23  2:14  Probe (Chrono Boost)  
  26  2:26  Twilight Council, Probe (Chrono Boost)  
  27  2:32  Stalker  
  27  2:33  Probe (Chrono Boost)  
  30  2:37  Probe (Chrono Boost)  
  32  2:46  Probe (Chrono Boost)  
  32  2:47  Probe (Chrono Boost)  
  33  2:52  Probe (Chrono Boost)  
  33  2:53  Probe  
  35  3:02  Gateway  
  35  3:05  Probe x2  
  37  3:10  Dark Shrine  
  37  3:14  Adept  
  37  3:17  Probe (Chrono Boost)  
  41  3:22  Probe (Chrono Boost)  
  41  3:26  Pylon  
  42  3:27  Probe (Chrono Boost)  
  42  3:31  Probe (Chrono Boost)  
  42  3:32  Probe (Chrono Boost)  
  44  3:41  Probe  
  44  3:43  Probe  
  44  3:46  Nexus  
  46  3:52  Shield Battery  
  46  3:55  Probe (Chrono Boost)  
  48  3:56  Probe (Chrono Boost)  
  48  4:02  Pylon  
  48  4:07  Probe (Chrono Boost)  
  50  4:10  Forge, Probe (Chrono Boost)  
  50  4:11  Assimilator  
  50  4:12  Probe (Chrono Boost)  
  50  4:13  Assimilator  
  51  4:17  Probe  
  51  4:21  Probe  
  51  4:24  Dark Templar x2  
  55  4:29  Probe  
  58  4:33  Protoss Ground Weapons Level 1 (Chrono Boost)  
  58  4:34  Probe  
  58  4:37  Gateway  
  59  4:38  Gateway  
  59  4:42  Probe  
  60  4:46  Probe  
  60  4:47  Pylon  
  61  4:54  Probe  
  61  4:57  Shield Battery  
  61  4:58  Probe x2  
  64  5:03  Sentry x2  
  64  5:06  Probe  
  69  5:10  Probe  
  69  5:11  Gateway  
  69  5:13  Gateway  
  70  5:16  Probe  
  70  5:18  Probe  
  70  5:21  Blink (Chrono Boost)  
  70  5:27  Gateway, Probe  
  70  5:28  Gateway, Probe  
  71  5:30  Probe  
  73  5:40  Stalker x4  
  79  5:48  Robotics Facility  
  79  5:51  Gateway  
  79  5:52  Gateway, Pylon  
  79  5:53  Pylon  
  79  5:58  Probe x2  
  79  5:59  Assimilator  
  81  6:04  Stalker x2  
  81  6:10  Photon Cannon  
  85  6:12  Stalker x2  
  85  6:13  Pylon  
  85  6:16  Stalker  
  91  6:20  Pylon  
  91  6:29  Stalker x5  
  101  6:35  Stalker  
  101  6:36  Shield Battery  
  101  6:37  Shield Battery  
  101  6:42  Stalker x2  
  101  6:46  Zealot  
  103  6:49  Zealot  
  103  6:53  Stalker x3  
  105  6:59  Stalker x2  
  105  7:00  Stalker  
  98  7:09  Stalker  
  98  7:10  Stalker x3  
  98  7:11  Probe x2  
  98  7:14  Pylon, Charge  
  102  7:17  Pylon  
  100  7:30  Pylon  
  100  7:34  Warp Prism (Chrono Boost)  
  102  7:40  Photon Cannon, Stalker  
  102  7:41  Stalker x2  
  108  7:49  Pylon  
  108  7:51  Pylon  
  108  7:52  Pylon  
  108  7:55  Probe  
  108  7:56  Probe  
  108  7:57  Assimilator  
  108  7:59  Dark Templar x2  
  108  8:00  Zealot x2  
  108  8:03  Archon  
  108  8:04  Pylon  
  108  8:05  Pylon  
  116  8:16  Nexus  
  116  8:17  Pylon  
  116  8:21  Dark Templar x2  
  116  8:24  Pylon  
  120  8:28  Archon, Zealot x6  
  120  8:32  Pylon  
  134  8:38  Observer (Chrono Boost)  
  134  8:39  Zealot  
  133  8:42  Photon Cannon, Probe  
  133  8:43  Shield Battery  
  133  8:45  Probe x2  
  140  9:02  Zealot x7  
  150  9:03  Zealot  
  150  9:05  Zealot  
  150  9:07  Zealot  
Show
View Real Time Build Order
Export as new Build Order

Elazer Zerg 

Build Orders: Hatch First 

Get SALT Encoding   

  12  0:00  Drone  
  13  0:12  Overlord  
  13  0:16  Drone  
  14  0:30  Drone x2  
  16  0:48  Hatchery  
  15  0:51  Drone  
  15  0:55  Drone  
  17  0:59  Drone  
  18  1:09  Extractor  
  17  1:13  Spawning Pool  
  17  1:17  Drone  
  17  1:20  Drone  
  18  1:29  Drone  
  19  1:39  Drone  
  20  1:51  Drone  
  21  1:59  Queen  
  21  2:00  Zergling x2  
  21  2:01  Queen, Overlord  
  26  2:12  Drone x2  
  26  2:14  Metabolic Boost  
  28  2:21  Drone  
  29  2:23  Drone  
  30  2:35  Hatchery  
  29  2:40  Queen  
  31  2:46  Overlord  
  31  2:48  Drone  
  31  2:50  Drone  
  33  2:53  Drone  
  33  2:54  Drone  
  33  2:56  Drone  
  36  3:05  Queen  
  36  3:08  Overlord  
  36  3:10  Drone  
  36  3:12  Drone  
  40  3:13  Drone  
  40  3:16  Drone  
  42  3:20  Queen  
  42  3:24  Overlord  
  47  3:34  Drone x3  
  47  3:40  Drone  
  48  3:42  Drone x4  
  48  3:43  Spore Crawler  
  48  3:47  Queen  
  53  3:50  Overlord  
  53  3:53  Drone x2  
  55  3:56  Drone x2  
  55  4:00  Overlord  
  55  4:02  Drone  
  58  4:08  Overlord  
  58  4:09  Queen  
  58  4:15  Drone  
  58  4:16  Drone x4  
  65  4:18  Drone  
  65  4:20  Overlord  
  66  4:25  Extractor  
  66  4:26  Roach Warren  
  66  4:28  Queen  
  68  4:31  Drone x2  
  68  4:35  Extractor, Zergling x2  
  68  4:36  Zergling x4  
  68  4:37  Zergling x2  
  71  4:39  Zergling x2  
  71  4:41  Overlord  
  72  4:47  Drone x6  
  77  4:55  Spore Crawler  
  77  4:56  Overlord  
  77  4:57  Spore Crawler  
  67  5:07  Spore Crawler  
  67  5:08  Lair  
  67  5:09  Drone x2  
  67  5:10  Drone  
  67  5:13  Drone  
  65  5:20  Drone x5  
  69  5:23  Drone  
  69  5:25  Drone x2  
  69  5:26  Drone  
  72  5:39  Overlord  
  72  5:41  Roach x5  
  80  5:46  Roach x3  
  86  5:50  Roach x2  
  86  5:55  Roach x2  
  94  5:58  Overlord  
  94  6:00  Zergling x6  
  97  6:04  Zergling x6  
  97  6:06  Ravager  
  97  6:07  Overseer  
  101  6:11  Ravager  
  101  6:12  Ravager  
  101  6:13  Zergling x10  
  101  6:17  Zergling x4  
  111  6:18  Ravager  
  109  6:27  Zergling x10  
  109  6:31  Ravager  
  115  6:33  Zergling x14  
  111  6:51  Zergling x10  
  102  6:56  Ravager  
  102  6:57  Ravager  
  102  6:59  Zergling x10  
  94  7:13  Roach x3  
  91  7:17  Queen x3, Roach x2  
  93  7:25  Roach  
  93  7:26  Roach  
  94  7:31  Roach x2  
  94  7:36  Hatchery  
  96  7:37  Ravager x2  
  96  7:40  Zergling x2  
  96  7:41  Extractor, Zergling x4  
  98  7:48  Zergling x4, Ravager  
  100  7:54  Zergling x2  
  100  7:58  Ravager  
  101  7:59  Zergling x4  
  101  8:01  Queen  
  101  8:02  Queen x2  
  101  8:04  Overlord, Evolution Chamber  
  108  8:10  Zergling x4  
  109  8:15  Zergling x2  
  109  8:19  Overlord  
  110  8:20  Drone  
  110  8:24  Drone  
  112  8:29  Drone  
  112  8:32  Drone  
  112  8:33  Drone x8  
  122  8:37  Overlord  
  122  8:41  Drone  
  122  8:45  Overlord  
  122  8:46  Drone  
  122  8:48  Drone x2  
  125  8:51  Ravager x2  
  125  8:52  Hatchery, Ravager x3  

Tags
 
Add a new tag
Caveats
  • Supply blocks, unpowered buildings, or Contaminate may cause inaccurate times.
  • Supply counts are checked every 10 seconds.